 Dungeon Crawl Stone Soup version 0.31.0-11-ge490571c62 (webtiles) character file.

Game seed: 5551396312013345029

6 Bravepunisher the Ducker (level 1, -2/11 HPs)
             Began as a Spriggan Monk on Feb 3, 2024.
             Killed by divine providence
             ... invoked by an orc priest
              (12 damage)
             ... on level 5 of the Dungeon.
             The game lasted 00:01:47 (349 turns).

Bravepunisher the Ducker (Spriggan Monk)             Turns: 349, Time: 00:01:47

Health: -2/11      AC:  2    Str:  7    XL:     1   Next: 75%
Magic:  2/2        EV: 19    Int: 11    God:
Gold:   27         SH:  0    Dex: 17    Spells: 0/0 levels left

rFire   . . .        a - +0 short sword
rCold   . . .        (no shield)
rNeg    . . .        b - +0 robe
rPois   .            (helmet restricted)
rElec   .            (no cloak)
rCorr   .            (gloves unavailable)
SInv    +            (boots unavailable)
Will    .....        (no amulet)
Stlth   +            (no ring)
HPRegen 0.21/turn    (no ring)
MPRegen 0.08/turn

%: no passive effects
@: confused, very quick
A: very small, no large weapons, unfitting armour, see invisible, speed 3
a: no special abilities


You were on level 5 of the Dungeon.
You visited 1 branch of the dungeon, and saw 5 of its levels.

You collected 27 gold pieces.

Inventory:

Hand Weapons
 a - a +0 short sword (weapon)
Armour
 b - a +0 robe (worn)
Potions
 c - a potion of ambrosia
 d - 2 potions of invisibility {unknown}
 e - a potion of curing {unknown}
 f - a potion of heal wounds {unknown}


   Skills:
 + Level 2.5 Fighting
 - Level 3.2 Short Blades
 * Level 4.4 Dodging


You couldn't memorise any spells.
You didn't know any spells.
Your spell library was empty.

Dungeon Overview and Level Annotations

Branches:
Dungeon (5/15)
 Temple: D:4-7

Altars:
Fedhas


Innate Abilities, Weirdness & Mutations

You are very small and have problems with some larger weapons.
You are too small for most types of armour.
You have supernaturally acute eyesight. (SInv)
You cover ground extremely quickly. (Speed+++)


Message History

You close the door.
You feel sick.
You feel sick.
The goblin shouts!
You feel sick.
You feel sick.
A kobold opens the door.
You open the door.
You feel sick.
You are no longer poisoned.
The goblin misses you.
There is an open door here.
You open the door.
The kobold throws a poisoned dart.
The poisoned dart closely misses you.
There is an open door here.
You see here a +0 robe.
The kobold attacks as it pursues you!
The kobold hits you with a +0 short sword.
As you open the door, it creaks loudly!
The kobold throws a poisoned dart.
The poisoned dart barely misses you.
There is an open door here.
Found two stone staircases leading down.
Found 4 stones.
The kobold throws a poisoned dart.
The poisoned dart completely misses you.
An iguana comes into view.
The kobold throws a poisoned dart.
The poisoned dart barely misses you.
There is a stone staircase leading down here.
You climb downwards.
The orc wizard shouts! x2; The orc priest shouts!
There is a stone staircase leading up here.
Found a scroll labelled QIANLI UM RAUNN.
Found a fizzy purple potion.
The orc wizard gestures at you while chanting.
You are confused.
An adder comes into view.
Found a scroll labelled IVUGIE WEVY.
You bump into the rock wall.
You bump into the rock wall.
The orc priest invokes the aid of Beogh against you.
Beogh smites you!
Ouch! That really hurt!
You die...

#. .~≈≈~.~ #.
.~~~~.. #.
....... #.
.~~~~~. #.
.≈≈≈≈~. #.
.~≈≈≈~.
######.#^~~~~~.
..?....@S......
#######.#..##.#
#.....?....#
#..#.#.###.#
#.o#....# .
#..#......
#o.#....#..
#o.#...!....
#.o#.####...


You could see an orc priest, an orc wizard and an adder.

Vanquished Creatures
  2 hobgoblins (D:2)
  2 ball pythons
  A bat (D:2)
  A kobold (D:2)
  A rat (D:2)
7 creatures vanquished.

Notes
Turn   | Place    | Note
-------+----------+-------------------------------------------
     0 | D:1      | Bravepunisher the Spriggan Monk began the quest for the
                  | Orb.
     0 | D:1      | Reached XP level 1. HP: 11/11 MP: 2/2
    81 | D:2      | Found a blossoming altar of Fedhas.
   245 | D:4      | Noticed a scorpion
   336 | D:4      | Noticed an iguana
   343 | D:5      | Entered Level 5 of the Dungeon
   343 | D:5      | Noticed an orc priest
   343 | D:5      | Noticed an orc wizard
   343 | D:5      | Noticed an orc wizard
   349 | D:5      | Killed from afar by an orc priest

Illustrated notes

Levels and vault maps discovered:
D:1:      psy_arrival_terrarium, layout_basic
D:2:      layout_loops_ring, basic_altar, corexii_corridor_pit
D:3:      layout_loops_ring, lemuel_doored_altar
D:4:      nicolae_cairo_tiling_very_big, layout_cave_pods,
          grunt_temple_overflow_open
D:5:      layout_loops_ring, slow_altar_2, grunt_qazlal_clouds,
          minmay_misc_feat_alley, minivault_14, kennysheep_generic_room_16

Action                     || total
---------------------------++-------
  Melee: Short sword       ||    24
 Armour: Robe              ||     9
  Dodge: Dodged            ||    19
